 Dungeon Crawl Stone Soup version 0.29.1-13-g9f3cf754e1 (webtiles) character file.

Game seed: 8848685441526753919

3614 tizbic2 the Trooper (level 10, -2/100 HPs)
             Began as an Ogre Transmuter on Nov 11, 2022.
             Was a High Priest of Lugonu.
             Killed from afar by an orc wizard (8 damage)
             ... with a magic dart
             ... on level 8 of the Dungeon on Jan 25, 2023.
             The game lasted 00:53:06 (9221 turns).

tizbic2 the Trooper (Ogre Transmuter)               Turns: 9221, Time: 00:53:06

Health: -2/100     AC:  7    Str: 16    XL:     10   Next: 11%
Magic:  19/19      EV:  9    Int: 16    God:    Lugonu [*****.]
Gold:   333        SH:  0    Dex: 23    Spells: 8/21 levels left

rFire   . . .      SeeInvis .   k - +1 dagger (venom)
rCold   + . .      Faith    .   L - +2 kite shield
rNeg    . . .      Spirit   .   s - +1 robe {rC+}
rPois   .          Reflect  .   y - +2 hat
rElec   .          Harm     .   z - +0 cloak
rCorr   .          Rampage  .   (gloves unavailable)
Will    +....                   (boots unavailable)
Stlth   +.........              I - amulet of regeneration
HPRegen 1.06/turn               m - +6 ring of dexterity
MPRegen 0.16/turn               f - +6 ring of dexterity

@: confused, brilliant, attractive, invisible
A: large, unfitting armour, tough skin 1
a: Renounce Religion, Depart the Abyss, Bend Space, Banish, Corrupt, Enter the
Abyss


You were on level 8 of the Dungeon.
You worshipped Lugonu.
Lugonu was extremely pleased with you.
You visited 2 branches of the dungeon, and saw 9 of its levels.

You collected 449 gold pieces.
You spent 116 gold pieces at shops.

Inventory:

Hand Weapons
 j - the +3 whip of Honesty {vorpal, rN+ Str-3 Dex+3}
   (You found it on level 2 of the Dungeon)

   It inflicts extra damage upon your enemies.
   Str:       It affects your strength (-3).
   Dex:       It affects your dexterity (+3).
   rN:        It protects you from negative energy.
 k - a +1 dagger of venom (weapon)
 n - a +0 dagger of speed
 p - a +1 rapier
 x - a +2 dire flail of protection
 E - a +2 whip of flaming
 G - a +0 battleaxe
 H - a +0 hand crossbow of freezing
Missiles
 g - 6 large rocks
 u - a throwing net
Armour
 s - a +1 robe of cold resistance (worn)
 y - a +2 hat (worn)
 z - a +0 cloak (worn)
 L - a +2 kite shield (worn)
Jewellery
 a - a ring of willpower
 f - a +6 ring of dexterity (right hand)
 m - a +6 ring of dexterity (left hand)
 r - a +4 ring of protection
 D - a +6 ring of intelligence
 I - an amulet of regeneration (around neck)
Wands
 t - a wand of quicksilver (11)
 v - a wand of digging (12)
 w - a wand of flame (9)
 C - a wand of paralysis (6)
 J - a wand of iceblast (9)
Scrolls
 e - 2 scrolls of teleportation
 l - 2 scrolls of noise
 o - 4 scrolls of amnesia
 N - a scroll of butterflies
 O - a scroll of enchant armour
Potions
 b - 3 potions of lignification
 c - a potion of attraction
 d - 2 potions of cancellation {unknown}
 h - 3 potions of haste {unknown}
 q - 3 potions of heal wounds {unknown}
 M - a potion of mutation {unknown}
Miscellaneous
 K - a piece from Xom's chessboard (15/15)


   Skills:
 + Level 6.8 Fighting
 - Level 5.0 Short Blades
 - Level 2.0 Maces & Flails
 * Level 2.4 Ranged Weapons
 - Level 2.4 Dodging
 * Level 2.8 Shields
 - Level 6.5 Unarmed Combat
 + Level 6.0 Spellcasting
 - Level 4.4 Transmutations
 - Level 1.0 Ice Magic
 - Level 4.4 Invocations


You had 8 spell levels left.
You knew the following spells:

 Your Spells              Type           Power      Damage    Failure   Level
a - Beastly Appendage     Tmut           56%        N/A       5%          1
b - Spider Form           Tmut/Pois      17%        N/A       38%         3
c - Wereblood             Tmut           28%        N/A       9%          2
d - Ice Form              Ice/Tmut       20%        N/A       73%         4
e - Vampiric Draining     Necr           7%         2d6       69%         3

Your spell library contained the following spells:

 Spells                   Type           Power      Damage    Failure   Level
 Magic Dart               Conj           28%        1d4       32%         1
 Necrotise                Necr           28%        1d5       32%         1
 Scorch                   Fire           14%        2d5       45%         2
 Searing Ray              Conj           14%        2d5       45%         2
 Flame Wave               Conj/Fire      7%         2d5       97%         4
 Fulminant Prism          Conj/Hex       3%         3d6       97%         4
 Agony                    Necr           7%         N/A       100%        5
 Summon Cactus Giant      Summ           3%         N/A       100%        6


Dungeon Overview and Level Annotations

Branches:
Dungeon (8/15)             Temple (1/1) D:4
   Lair: D:8-11

Altars:
Ashenzari
Cheibriados
Dithmenos
Elyvilon
Fedhas
Gozag
Hepliaklqana
Kikubaaqudgha
Makhleb
Nemelex Xobeh
Qazlal
Ru
Sif Muna
Trog
Uskayaw
Vehumet
Wu Jian
Xom
Yredelemnul
Zin
The Shining One
Lugonu

Shops:
D:8 (


Innate Abilities, Weirdness & Mutations

You are too large for most types of armour.
You have tough skin. (AC +1)


Message History

The bolt hits the orc priest but does no damage.
The orc priest is moderately wounded.
Something hits you but does no damage. x2
Your +0 hand crossbow of freezing stops glowing.
Your +1 dagger of venom begins to drip with poison!
k - a +1 dagger of venom (weapon)
You hit the orc priest.
The orc priest is poisoned.
The orc priest is heavily wounded.
You hear some strange, mumbled words.
You are confused.
The orc priest hits you with a +0 hand axe.
* * * LOW HITPOINT WARNING * * *
You bump into the granite statue.
Something hits you.
* * * LOW HITPOINT WARNING * * *
The orc priest calls down the wrath of Beogh upon you.
Beogh smites you!
* * * LOW HITPOINT WARNING * * *
Okay, then.
You hit the orc priest.
You kill the orc priest!
Lugonu accepts your kill.
You hear some strange, mumbled words.
A puff of flame appears from out of thin air!
The puff of flame hits you.
* * * LOW HITPOINT WARNING * * *
You fade into invisibility!
Something hits you but does no damage.
You are too confused!
It was a potion of attraction.
You feel attractive to monsters. Something hits you but does no damage.
It was a potion of brilliance.
You feel clever all of a sudden. Something hits you.
* * * LOW HITPOINT WARNING * * *
Okay, then.
You hear some strange, mumbled words.
A magic dart appears from out of thin air!
The magic dart hits you!
You die...

# '##'# #. #..#. #######
#.##..#' #.....#######
#..#..#. #...........#
#..'..'. #..88888888.#
#.##..#. #..8888.888.#
#.##..#'
#....@.)....###.##..#.
#.....{8......#..'##'#
##......8....#.#.##....
#...).)...........#....
########...8888.888..#######'#
#....).).#.8888.888..# #....#
#.########..........## #.####
#.# ################.# ##.#
###>....#


There were no monsters in sight!

Vanquished Creatures
  A two-headed ogre (D:8)
  Pikel (D:6)
  2 steam dragons (D:7)
  Edmund (D:4)
  Duvessa (D:4)
  A water moccasin (D:7)
  An orc warrior (D:8)
  A black bear (D:5)
  A lemure (D:6)
  A centaur (D:7)
  A kobold brigand (D:7)
  2 phantoms
  2 bullfrogs
  A gnoll sergeant (D:8)
  2 necrophages (D:5)
  3 scorpions
  Dowan (D:4)
  A killer bee (D:5)
  3 howler monkeys
  2 orc priests (D:8)
  3 hounds
  2 jellies (D:5)
  4 iguanas
  5 orc wizards
  Robin (D:4)
  8 gnolls
  A river rat (D:4)
  14 adders
  3 shadow imps
  2 white imps
  An ufetubus (D:6)
  4 worms
  3 dart slugs
  18 orcs
  8 ball pythons
  7 endoplasms
  3 giant cockroaches
  8 goblins
  10 hobgoblins
  3 quokkas
  10 bats
  A frilled lizard (D:2)
  16 kobolds
  8 rats
172 creatures vanquished.

Vanquished Creatures (others)
  A fungus (D:5)
  9 plants
10 creatures vanquished.

Grand Total: 182 creatures vanquished

Notes
Turn   | Place    | Note
-------+----------+-------------------------------------------
     0 | D:1      | tizbic2 the Ogre Transmuter began the quest for the Orb.
     0 | D:1      | Reached XP level 1. HP: 19/19 MP: 3/3
   168 | D:1      | Reached XP level 2. HP: 16/28 MP: 3/5
   490 | D:1      | Found a faded altar of an unknown god.
   508 | D:1      | Prayed at the altar of an unknown god.
   508 | D:1      | Became a worshipper of Lugonu the Unformed
   508 | D:1      | Reached * piety under Lugonu
   508 | D:1      | Reached ** piety under Lugonu
   545 | D:1      | Upgraded the game from 0.29.1-2-gbd0b4ee654 to
                  | 0.29.1-12-g30fa7ad0bf
   661 | D:2      | Found a glowing silver altar of Zin.
   792 | D:2      | Identified the +3 whip of Honesty {vorpal, rN+ Str-3 Dex+3}
   799 | D:2      | Reached XP level 3. HP: 30/35 MP: 6/6
  1270 | D:2      | Reached skill level 1 in Maces & Flails
  1270 | D:2      | Reached XP level 4. HP: 28/44 MP: 8/8
  1524 | D:2      | Learned a level 3 spell: Spider Form
  2008 | D:3      | Reached *** piety under Lugonu
  2031 | D:3      | Reached XP level 5. HP: 21/50 MP: 7/9
  2267 | D:3      | Found a shadowy altar of Dithmenos.
  2753 | D:4      | Noticed Dowan
  2760 | D:4      | Noticed Duvessa
  2786 | D:4      | Killed Duvessa
  2787 | D:4      | Reached skill level 1 in Short Blades
  2787 | D:4      | Reached skill level 1 in Invocations
  2787 | D:4      | Reached XP level 6. HP: 22/61 MP: 10/10
  3035 | D:4      | Noticed Robin
  3050 | D:4      | Killed Robin
  3097 | D:4      | Reached **** piety under Lugonu
  3203 | D:4      | Found a staircase to the Ecumenical Temple.
  3378 | D:4      | Killed Dowan
  3500 | D:4      | Noticed Edmund
  3521 | D:4      | Killed Edmund
  3522 | D:4      | Reached XP level 7. HP: 31/68 MP: 12/12
  3806 | D:4      | Found a hide-covered altar of Uskayaw.
  3808 | D:4      | Found a broken altar of Ashenzari.
  3808 | D:4      | Found a broken altar of Ashenzari.
  3810 | D:4      | Found a shimmering altar of Xom.
  3810 | D:4      | Found a snail-covered altar of Cheibriados.
  3810 | D:4      | Found a shimmering altar of Xom.
  3919 | Temple   | Entered the Ecumenical Temple
  4120 | D:5      | Entered Level 5 of the Dungeon
  4512 | D:5      | Found a bloodstained altar of Trog.
  4549 | D:5      | Found an opulent altar of Gozag.
  4592 | D:5      | Found a hazy altar of Hepliaklqana.
  4653 | D:5      | Reached XP level 8. HP: 32/78 MP: 12/14
  4978 | D:5      | Reached skill level 5 in Unarmed Combat
  5213 | D:5      | Upgraded the game from 0.29.1-12-g30fa7ad0bf to
                  | 0.29.1-13-g9f3cf754e1
  5567 | D:5      | Learned a level 2 spell: Wereblood
  5642 | D:5      | Found a sacrificial altar of Ru.
  5648 | D:5      | Reached ***** piety under Lugonu
  5878 | D:6      | Reached skill level 5 in Fighting
  6013 | D:6      | Noticed Pikel
  6035 | D:6      | Killed Pikel
  6036 | D:6      | Reached skill level 5 in Spellcasting
  6036 | D:6      | Reached XP level 9. HP: 69/88 MP: 12/16
  6235 | D:6      | Learned a level 4 spell: Ice Form
  6787 | D:7      | Reached skill level 5 in Short Blades
  7809 | D:7      | Learned a level 3 spell: Vampiric Draining
  8336 | D:8      | Found Fianausu's Hydra Hut.
  8337 | D:8      | Noticed a seven-headed hydra
  8340 | D:8      | Bought a +0 hand crossbow of freezing for 116 gold pieces
  8377 | D:8      | Reached skill level 1 in Ice Magic
  8646 | D:8      | Found a blossoming altar of Fedhas.
  8670 | D:8      | Noticed a two-headed ogre
  8737 | D:8      | Reached skill level 1 in Ranged Weapons
  8740 | D:8      | Reached skill level 1 in Shields
  9089 | D:8      | Found an ornate altar of the Wu Jian Council.
  9094 | D:8      | Noticed a spectral centipede
  9201 | D:8      | HP: 3/89 [two-headed ogre/+0 giant club (15)]
  9207 | D:8      | Killed a two-headed ogre
  9208 | D:8      | Reached XP level 10. HP: 24/100 MP: 17/19
  9216 | D:8      | HP: 3/100 [orc priest/divine providence (14)]
  9221 | D:8      | Killed from afar by an orc wizard

Illustrated notes

Levels and vault maps discovered:
D:1:      wander_arrival_estate, layout_rooms, ebering_ecumenical_altar_webs
D:2:      layout_basic, serial_rivers, chequers_serial_rivers_small_3,
          chequers_serial_rivers_large_a, chequers_serial_rivers_micro_e,
          chequers_serial_rivers_room_a, basic_altar,
          chequers_serial_rivers_large_b
D:3:      minmay_chambers_of_threes, layout_basic, lemuel_crystal_altar,
          kennysheep_small_spiral, serial_bayou_lagoon_a,
          corexii_item_surrounded_by_moat
D:4:      layout_cave_pools, doesnt_xom_only_xom,
          minmay_temple_entry_purple_smoke, lightli_sewer_entry_pipes,
          uniq_duvessa, uniq_robin, uniq_edmund
D:5:      layout_rooms, nicolae_ru_the_path_less_chosen,
          worldfamousw_hep_ancestral_shrine,
          nicolae_gozag_cash_rules_everything_around_me, bloody_trog,
          kennysheep_pointless_box, amcnicky_mini_corridor_feature,
          minmay_divided_ellipse
D:6:      layout_rooms, nicolae_benzene_ring, uniq_pikel
D:7:      layout_basic
D:8:      layout_rooms, pdpol_wu_jian_five_deadly_venoms,
          mainiacjoe_overflow_24_doors, hellmonk_bongcloud_opening,
          doesnt_shop_hydraphobe
Temple:   nicolae_temple_bog_church

Skill      XL: |  1  2  3  4  5  6  7  8  9 |
---------------+----------------------------+-----
Unarmed Combat | 3 4 6 |  6.5
Dodging        | 2 |  2.4
Transmutations | 2 3 4 |  4.4
Fighting       | 2 3 4 5 6 |  6.8
Maces & Flails | 1 2 |  2.0
Spellcasting   | 3 4 5 6 |  6.0
Short Blades   | 1 2 3 4 5 |  5.0
Invocations    | 1 2 3 4 |  4.4
Ice Magic      | 1 |  1.0
Ranged Weapons | 2 |  2.4
Shields        | 2 |  2.8

Action                   |  1- 3 |  4- 6 |  7- 9 | 10-12 || total
-------------------------+-------+-------+-------+-------++-------
Melee: Unarmed           |    62 |     4 |    88 |       ||   154
       Kick              |    18 |    16 |    19 |       ||    53
       Whip              |    32 |    49 |    22 |       ||   103
       Headbutt          |     8 |    17 |     8 |       ||    33
       Punch             |       |     3 |     7 |       ||    10
       Dagger            |       |    88 |   138 |     2 ||   228
       Rapier            |       |     5 |       |       ||     5
       Dire flail        |       |       |    31 |       ||    31
 Fire: Hand crossbow     |       |       |    42 |     2 ||    44
 Cast: Beastly Appendage |    15 |    13 |     8 |       ||    36
       Spider Form       |       |     2 |    12 |       ||    14
       Ice Form          |       |       |     5 |       ||     5
       Wereblood         |       |       |     3 |       ||     3
Invok: Bend Space        |       |     1 |       |       ||     1
  Use: Scroll            |     3 |     4 |    12 |       ||    19
       Potion            |       |     2 |     3 |     3 ||     8
 Stab: Sleeping          |     1 |     1 |     1 |       ||     3
Armor: Robe              |    52 |    26 |    67 |     4 ||   149
       Skin              |       |    10 |    32 |       ||    42
Dodge: Dodged            |    66 |    57 |   224 |       ||   347
Block: Kite shield       |       |       |    16 |     1 ||    17
